 Dungeon Crawl Stone Soup version 0.27.0-1-g7a089689b8 (webtiles) character file.

Game seed: 8112766164008434623

59 nxtlvl the Twirler (level 4, 0/33 HPs)
             Began as a Human Gladiator on Aug 5, 2021.
             Slain by a white imp (5 damage)
             ... on level 3 of the Dungeon.
             The game lasted 00:05:34 (536 turns).

nxtlvl the Twirler (Human Gladiator)                 Turns: 536, Time: 00:05:35

Health: 0/33       AC:  9    Str: 15    XL:     4   Next: 22%
Magic:  4/4        EV:  7    Int:  9    God:
Gold:   13         SH:  0    Dex: 14    Spells: 3/3 levels left

rFire    . . .     SeeInvis .   a - +0 quarterstaff
rCold    . . .     Faith    .   (shield currently unavailable)
rNeg     . . .     Spirit   .   e - +0 chain mail
rPois    .         Reflect  .   c - +0 helmet
rElec    .         Harm     .   (no cloak)
rCorr    .         Rampage  .   (no gloves)
Will     .....                  (no boots)
Stlth    ..........             (no amulet)
HPRegen  0.11/turn              (no ring)
MPRegen  0.09/turn              (no ring)

@: no status effects
A: no striking features
a: no special abilities


You were on level 3 of the Dungeon.
You visited 1 branch of the dungeon, and saw 4 of its levels.

You collected 13 gold pieces.

Inventory:

Hand Weapons
 a - a +0 quarterstaff (weapon)
Missiles
 d - 3 throwing nets (quivered)
Armour
 b - a +0 leather armour
 c - a +0 helmet (worn)
 e - a +0 chain mail (worn)
Scrolls
 g - a scroll of fog {unknown}
Potions
 f - a potion of magic {unknown}


   Skills:
 - Level 2.0 Fighting
 + Level 4.8 Staves
 - Level 2.0 Throwing
 - Level 3.0 Dodging


You had 3 spell levels left.
You didn't know any spells.
Your spell library was empty.

Dungeon Overview and Level Annotations

Branches:
Dungeon (4/15)
 Temple: D:4-7

Altars:
Okawaru
Sif Muna

Shops:
D:1 [   D:3 [

Annotations:
D:3 exclusion: downstairs
D:4 Sigmund


Message History

The ball python grabs you. The ball python constricts you.
You hit the ball python.
You kill the ball python!
You see here a ball python corpse.
An endoplasm comes into view.
You hit the endoplasm.
You kill the endoplasm!
A white imp comes into view.
The white imp shouts, "Run away, thou paunchy clapper-clawed skainsmate!"
Found a fizzy pink potion.
Found 2 silvery potions.
You hit the white imp but do no damage. The white imp barely misses you.
The white imp gestures at you. The puff of frost hits you!
You hit the white imp.
The white imp is lightly wounded.
The white imp barely misses you.
You barely miss the white imp.
The white imp is lightly wounded.
The white imp shouts, "Away with thee, thou churlish tickle-brained bum-bailey!"
The white imp hits you but does no damage.
You hit the white imp.
The white imp is lightly wounded.
The white imp hits you but does no damage.
You barely miss the white imp.
The white imp is lightly wounded.
The white imp hits you. The white imp freezes you.
You closely miss the white imp.
The white imp is lightly wounded.
The white imp hits you but does no damage.
Your chain mail prevents you from hitting the white imp.
The white imp is lightly wounded.
The white imp hits you. The white imp freezes you.
* * * LOW HITPOINT WARNING * * *
You hit the white imp but do no damage.
The white imp is lightly wounded.
The white imp hits you.
* * * LOW HITPOINT WARNING * * *
The white imp freezes you.
You die...

.# .. . #.#..#####
#. #..#.....#
...#...#....#
............#
..#.........#
#..........#
...##@....######
......5...........
####.####.########
.! #.# ... #.# !.
#.#### . #....#
#.##..# #+# #†#
#.#


You could see a white imp.

Vanquished Creatures
  4 adders (D:3)
  A worm (D:1)
  An endoplasm (D:3)
  3 goblins
  2 hobgoblins (D:1)
  2 ball pythons
  5 bats
  A frilled lizard (D:3)
  A kobold (D:3)
  2 rats (D:1)
22 creatures vanquished.

Notes
Turn   | Place    | Note
-------+----------+-------------------------------------------
     0 | D:1      | nxtlvl the Human Gladiator began the quest for the Orb.
     0 | D:1      | Reached XP level 1. HP: 16/16 MP: 1/1
    36 | D:1      | Reached XP level 2. HP: 19/22 MP: 2/2
    72 | D:1      | Found Ydyad's Antique Armour Emporium.
   195 | D:3      | Found a shimmering blue altar of Sif Muna.
   251 | D:3      | Reached skill level 4 in Staves
   251 | D:3      | Reached XP level 3. HP: 11/27 MP: 3/3
   304 | D:3      | Found Ellifion's Antique Armour Shop.
   346 | D:3      | Found an iron altar of Okawaru.
   460 | D:3      | Reached XP level 4. HP: 18/33 MP: 4/4
   490 | D:4      | Noticed Sigmund
   536 | D:3      | Slain by a white imp

Illustrated notes

Levels and vault maps discovered:
D:1:      saegor_arrival_under_anarchy, layout_basic, serial_forest,
          infiniplex_forest_lined_3, infiniplex_forest_corner_1,
          infiniplex_forest_clump_large, infiniplex_forest_side_room,
          infiniplex_forest_side_room, infiniplex_forest_clump_long,
          infiniplex_forest_end_1, serial_shops, shop
D:2:      layout_basic, basic_altar, grunt_ministairs_7, st_stairs_9,
          amcnicky_mini_rare_corridor_liquid, minmay_split_cup_large
D:3:      minmay_angry_zag, layout_basic, mainiacjoe_overflow_surrounded_room,
          mainiacjoe_overflow_tiny_flanked, serial_shops, shop,
          grunt_ministairs_13, grunt_decor_clamped,
          hangedman_decor_diamond_cutter
D:4:      layout_rooms, lemuel_doored_altar, amethyst_killhole, uniq_sigmund,
          uniq_robin

Skill      XL: |  1  2 |
---------------+-------+-----
Staves         | 4 |  4.8
Fighting       | |  2.0
Throwing       | |  2.0
Dodging        | |  3.0

Action                   |  1- 3 |  4- 6 || total
-------------------------+-------+-------++-------
Melee: Quarterstaff      |    55 |    12 ||    67
 Stab: Sleeping          |     1 |       ||     1
Armor: Leather armour    |    13 |       ||    13
       Chain mail        |    14 |     3 ||    17
Dodge: Dodged            |    31 |     4 ||    35
